TOP OF THE 1ST |
Midland RockHounds batting - Pitching for Akron RubberDucks : RHP Josh Holloway
|
Pitching: RHP Josh Holloway
|
|
Batting: RHB Josh Sinden
|
0-0: Foul Ball, location: 2F 0-1: Ball 1-1: Foul Ball, location: 2F 1-2: Ball 2-2: Ball 3-2: Foul Ball, location: 2F 3-2: Base on Balls
|
Batting: LHB Angel Sanchez
|
0-0: SINGLE (Groundball, 34D, EV 96.9 MPH) Josh Sinden to second Runner from 2nd tries for 3rd, SAFE, throw by RF made at trailing runner, OUT! 9-6
|
Batting: LHB John Shults
|
0-0: TRIPLE (Flyball, 89XD, EV 99.4 MPH) Josh Sinden scores
|
Batting: LHB Chance Stever
|
0-0: DOUBLE (Flyball, 89D, EV 100.6 MPH) John Shults scores
|
Batting: RHB Kevin Wiles
|
0-0: Called Strike 0-1: 2-RUN HOME RUN (Flyball, 89XD, EV 103.1 MPH), Distance : 417 ft
|
Batting: SHB John Cummings
|
0-0: Ball 1-0: DOUBLE (Line Drive, 89M, EV 99.4 MPH)
|
Batting: RHB Trevor Conklin
|
0-0: Ball Wild Pitch! John Cummings to third 1-0: Ball 2-0: 2-RUN HOME RUN (Flyball, 78XD, EV 101.3 MPH), Distance : 397 ft
|
Batting: RHB Zack DiCicco
|
0-0: Ball 1-0: Ball 2-0: Ground out U3 (Groundball, 34S, EV 85.0 MPH)
|
Batting: RHB Justin Menotti
|
0-0: Called Strike 0-1: Swinging Strike 0-2: Ball 1-2: Ball 2-2: Ground out 5-3 (Groundball, 56S, EV 85.6 MPH)
|
Top of the 1st over - 6 runs, 6 hits, 0 errors, 0 left on base; Midland 6 - Akron 0 |
BOTTOM OF THE 1ST |
Akron RubberDucks batting - Pitching for Midland RockHounds : RHP Caleb Franklin
|
Pitching: RHP Caleb Franklin
|
|
Batting: LHB Nick Welling
|
0-0: Ground out 6-3 (Groundball, 6, EV 83.8 MPH)
|
Batting: SHB Arturo Baez
|
0-0: Ball 1-0: Ball 2-0: Ball 3-0: Base on Balls
|
Batting: RHB Harris Leroux
|
0-0: Fly out, F6 (Popup, 4MD, EV 63.8 MPH)
|
Batting: RHB Christian Blue
|
0-0: Called Strike 0-1: Ball 1-1: Ball 2-1: Fielders Choice at 2nd, 6-4 (Groundball, 6, EV 81.9 MPH)
|
Bottom of the 1st over - 0 runs, 0 hits, 0 errors, 1 left on base; Midland 6 - Akron 0 |
TOP OF THE 2ND |
Midland RockHounds batting - Pitching for Akron RubberDucks : RHP Josh Holloway
|
Batting: RHB Josh Sinden
|
0-0: Ball 1-0: Called Strike 1-1: Foul Ball, location: 2F 1-2: Ground out 6-3 (Groundball, 6M, EV 108.1 MPH)
|
Batting: LHB Angel Sanchez
|
0-0: Called Strike 0-1: Ball 1-1: Swinging Strike 1-2: Strikes out swinging
|
Batting: LHB John Shults
|
0-0: Ball 1-0: Foul Ball, location: 2F 1-1: DOUBLE (Line Drive, 78XD, EV 105.0 MPH)
|
Pitching: RHP T.J. McCullough
|
|
Batting: LHB Chance Stever
|
0-0: Ball 1-0: Fly out, F8 (Flyball, 78M, EV 88.1 MPH)
|
Top of the 2nd over - 0 runs, 1 hit, 0 errors, 1 left on base; Midland 6 - Akron 0 |
BOTTOM OF THE 2ND |
Akron RubberDucks batting - Pitching for Midland RockHounds : RHP Caleb Franklin
|
Batting: RHB Mike Plugge
|
0-0: Foul Ball, location: 2F 0-1: Ball 1-1: DOUBLE (Line Drive, 89D, EV 105.6 MPH)
|
Batting: RHB Matt Thompson
|
0-0: Foul Ball, location: 2F 0-1: Called Strike 0-2: Foul Ball, location: 2F 0-2: Foul Ball, location: 2F 0-2: Ball 1-2: Ball 2-2: Foul Ball, location: 2F 2-2: SINGLE (Groundball, 56D, EV 97.5 MPH) Mike Plugge to third
|
Batting: RHB Greg Harden
|
0-0: Swinging Strike 0-1: Foul Ball, location: 2F 0-2: Foul Ball, location: 2F 0-2: Foul Ball, location: 2F 0-2: Strikes out looking
|
Batting: RHB Edwin Rivera
|
0-0: Ball 1-0: Grounds into double play, 5-4-3 (Groundball, 5, EV 85.6 MPH)
|
Bottom of the 2nd over - 0 runs, 2 hits, 0 errors, 1 left on base; Midland 6 - Akron 0 |
TOP OF THE 3RD |
Midland RockHounds batting - Pitching for Akron RubberDucks : RHP T.J. McCullough
|
Batting: RHB Kevin Wiles
|
0-0: Ball 1-0: Called Strike 1-1: Swinging Strike 1-2: SINGLE (Line Drive, 56, EV 95.6 MPH)
|
Batting: SHB John Cummings
|
0-0: Swinging Strike 0-1: Called Strike 0-2: Strikes out swinging
|
Batting: RHB Trevor Conklin
|
0-0: Ball 1-0: Ball 2-0: Foul Ball, location: 2F 2-1: Ball Kevin Wiles is caught stealing 2nd base 2-4 3-1: Swinging Strike 3-2: Ground out 4-3 (Groundball, 4, EV 91.9 MPH)
|
Top of the 3rd over - 0 runs, 1 hit, 0 errors, 0 left on base; Midland 6 - Akron 0 |
BOTTOM OF THE 3RD |
Akron RubberDucks batting - Pitching for Midland RockHounds : RHP Caleb Franklin
|
Batting: RHB Tony Ramirez
|
0-0: Called Strike 0-1: Ball 1-1: Ground out U3 (Groundball, 3, EV 86.9 MPH)
|
Batting: LHB Nick Welling
|
0-0: Called Strike 0-1: Ball 1-1: Called Strike 1-2: Ball 2-2: SINGLE (Flyball, 8RM, EV 91.3 MPH)
|
Batting: SHB Arturo Baez
|
0-0: Called Strike 0-1: Fly out, F7 (Flyball, 7LM, EV 92.5 MPH)
|
Batting: RHB Harris Leroux
|
0-0: Ball 1-0: Fielders Choice at 2nd, 6-4 (Groundball, 6, EV 101.3 MPH)
|
Bottom of the 3rd over - 0 runs, 1 hit, 0 errors, 1 left on base; Midland 6 - Akron 0 |
TOP OF THE 4TH |
Midland RockHounds batting - Pitching for Akron RubberDucks : RHP T.J. McCullough
|
Batting: RHB Zack DiCicco
|
0-0: Called Strike 0-1: Called Strike 0-2: Strikes out swinging
|
Batting: RHB Justin Menotti
|
0-0: Called Strike 0-1: Foul Ball, location: 2F 0-2: Ball 1-2: Foul Ball, location: 2F 1-2: Ground out 4-3 (Groundball, 4, EV 86.3 MPH)
|
Batting: RHB Josh Sinden
|
0-0: Ball 1-0: Foul Ball, location: 2F 1-1: Foul Ball, location: 2F 1-2: Ball 2-2: Ball 3-2: Fly out, F7 (Flyball, 78D, EV 105.6 MPH)
|
Top of the 4th over - 0 runs, 0 hits, 0 errors, 0 left on base; Midland 6 - Akron 0 |
BOTTOM OF THE 4TH |
Akron RubberDucks batting - Pitching for Midland RockHounds : RHP Caleb Franklin
|
Batting: RHB Christian Blue
|
0-0: Ball 1-0: Ball 2-0: Called Strike 2-1: Ball 3-1: Base on Balls
|
Batting: RHB Mike Plugge
|
0-0: Ball 1-0: Ball 2-0: Fielders Choice at 2nd, 2-4 (Groundball, 2L, EV 70.6 MPH)
|
Batting: RHB Matt Thompson
|
0-0: Foul Ball, location: 2F 0-1: Swinging Strike 0-2: Ball 1-2: Strikes out looking
|
Batting: RHB Greg Harden
|
0-0: Ground out 5-3 (Groundball, 56S, EV 68.1 MPH)
|
Bottom of the 4th over - 0 runs, 0 hits, 0 errors, 1 left on base; Midland 6 - Akron 0 |
TOP OF THE 5TH |
Midland RockHounds batting - Pitching for Akron RubberDucks : RHP T.J. McCullough
|
Batting: LHB Angel Sanchez
|
0-0: Ball 1-0: Swinging Strike 1-1: Swinging Strike 1-2: Foul Ball, location: 2F 1-2: Strikes out swinging
|
Batting: LHB John Shults
|
0-0: Ball 1-0: Called Strike 1-1: Ball 2-1: Foul Ball, location: 2F 2-2: Foul Ball, location: 2F 2-2: Foul Ball, location: 2F 2-2: Ball 3-2: Fly out, F7 (Line Drive, 7D, EV 94.4 MPH)
|
Batting: LHB Chance Stever
|
0-0: Ball 1-0: Ball 2-0: SOLO HOME RUN (Flyball, 9LD, EV 93.1 MPH), Distance : 353 ft
|
Batting: RHB Kevin Wiles
|
0-0: Called Strike 0-1: Ball 1-1: Ball 2-1: Ball 3-1: Fly out, F9 (Flyball, 89M, EV 91.3 MPH)
|
Top of the 5th over - 1 run, 1 hit, 0 errors, 0 left on base; Midland 7 - Akron 0 |
BOTTOM OF THE 5TH |
Akron RubberDucks batting - Pitching for Midland RockHounds : RHP Caleb Franklin
|
Batting: RHB Edwin Rivera
|
0-0: Foul Ball, location: 2F 0-1: Ball 1-1: Ball 2-1: Swinging Strike 2-2: Ball 3-2: Strikes out swinging
|
Batting: RHB Tony Ramirez
|
0-0: Swinging Strike 0-1: Swinging Strike 0-2: Ball 1-2: Ball 2-2: Strikes out swinging
|
Batting: LHB Nick Welling
|
0-0: Called Strike 0-1: Swinging Strike 0-2: Foul Ball, location: 2F 0-2: Ball 1-2: Foul Ball, location: 2F 1-2: Ball 2-2: Foul Ball, location: 2F 2-2: Strikes out looking
|
Bottom of the 5th over - 0 runs, 0 hits, 0 errors, 0 left on base; Midland 7 - Akron 0 |
TOP OF THE 6TH |
Midland RockHounds batting - Pitching for Akron RubberDucks : RHP T.J. McCullough
|
Batting: SHB John Cummings
|
0-0: Ball 1-0: Ground out 6-3 (Groundball, P, EV 85.0 MPH)
|
DELAY
|
Rain delay of 78 minutes in the 6th inning.
|
Pitching: RHP Nelson Peregrina
|
|
Batting: RHB Trevor Conklin
|
0-0: DOUBLE (Flyball, 89XD, EV 92.5 MPH)
|
Batting: RHB Zack DiCicco
|
0-0: Ball 1-0: Foul Ball, location: 2F 1-1: SINGLE (Groundball, 56D, EV 101.3 MPH) Trevor Conklin to third
|
Batting: RHB Justin Menotti
|
0-0: Ball 1-0: Swinging Strike 1-1: Ball Zack DiCicco steals 2nd base 2-1: Foul Ball, location: 2F 2-2: Ground out 2-3 (Groundball, 2R, EV 65.6 MPH)
|
Batting: RHB Josh Sinden
|
0-0: Ball 1-0: Swinging Strike 1-1: Ball 2-1: Foul Ball, location: 2F 2-2: Foul Ball, location: 2F 2-2: Strikes out swinging
|
Top of the 6th over - 0 runs, 2 hits, 0 errors, 2 left on base; Midland 7 - Akron 0 |
BOTTOM OF THE 6TH |
Akron RubberDucks batting - Pitching for Midland RockHounds : RHP Caleb Franklin
|
Pitching: LHP Sean Zech
|
|
Batting: SHB Arturo Baez
|
0-0: Fly out, F9 (Flyball, 9LS, EV 76.3 MPH)
|
Batting: RHB Harris Leroux
|
0-0: Called Strike 0-1: Ball 1-1: Ground out 6-3 (Groundball, 6, EV 91.9 MPH)
|
Batting: RHB Christian Blue
|
0-0: Ball 1-0: Swinging Strike 1-1: Foul Ball, location: 2F 1-2: Foul Ball, location: 2F 1-2: Fly out, F7 (Flyball, 7D, EV 106.3 MPH)
|
Bottom of the 6th over - 0 runs, 0 hits, 0 errors, 0 left on base; Midland 7 - Akron 0 |
TOP OF THE 7TH |
Midland RockHounds batting - Pitching for Akron RubberDucks : RHP Nelson Peregrina
|
Batting: LHB Angel Sanchez
|
0-0: Ball 1-0: Ball 2-0: Called Strike 2-1: Ball 3-1: Base on Balls
|
Batting: LHB John Shults
|
0-0: Called Strike 0-1: SINGLE (Groundball, 3D, EV 106.9 MPH) Angel Sanchez to second
|
Batting: LHB Chance Stever
|
0-0: Called Strike 0-1: Ball 1-1: Ball 2-1: SINGLE (Line Drive, 78S, EV 98.1 MPH) Angel Sanchez to third John Shults to second
|
Batting: RHB Kevin Wiles
|
0-0: Ball Wild Pitch! Angel Sanchez scores John Shults to third Chance Stever to second 1-0: Swinging Strike 1-1: Called Strike 1-2: Foul Ball, location: 2F 1-2: Ball 2-2: Ground out 5-3 (Groundball, 5, EV 96.9 MPH)
|
Batting: SHB John Cummings
|
0-0: Ball 1-0: Called Strike 1-1: Ball 2-1: Swinging Strike 2-2: Foul Ball, location: 2F 2-2: Ground out U3 (Groundball, 3, EV 102.5 MPH)
|
Pinch Hitting: RHB Edgar Landim
|
0-0: Called Strike 0-1: Swinging Strike 0-2: Ball 1-2: Ball 2-2: Ball 3-2: Strikes out looking
|
Top of the 7th over - 1 run, 2 hits, 0 errors, 2 left on base; Midland 8 - Akron 0 |
BOTTOM OF THE 7TH |
Akron RubberDucks batting - Pitching for Midland RockHounds : LHP Sean Zech
|
Now at 3B: Edgar Landim
|
|
Batting: RHB Mike Plugge
|
0-0: Ball 1-0: Called Strike 1-1: Called Strike 1-2: Foul Ball, location: 2F 1-2: Foul Ball, location: 2F 1-2: Ball 2-2: Ball 3-2: Ground out 4-3 (Groundball, 4, EV 102.5 MPH)
|
Batting: RHB Matt Thompson
|
0-0: Called Strike 0-1: Ball 1-1: Ground out 6-3 (Groundball, 6, EV 91.3 MPH)
|
Batting: RHB Greg Harden
|
0-0: Called Strike 0-1: Ball 1-1: SINGLE (Line Drive, 4M, EV 95.6 MPH)
|
Batting: RHB Edwin Rivera
|
0-0: Foul Ball, location: 2F 0-1: SINGLE (Groundball, 6MD, EV 98.8 MPH) Greg Harden to second
|
Batting: RHB Tony Ramirez
|
0-0: Ball 1-0: Ball 2-0: Ball 3-0: Called Strike 3-1: DOUBLE (Groundball, 5L, EV 95.0 MPH) Greg Harden scores Edwin Rivera to third
|
Pinch Hitting: LHB Corey Trevor
|
0-0: Called Strike 0-1: Foul Ball, location: 2F 0-2: Foul Ball, location: 2F 0-2: Strikes out swinging
|
Bottom of the 7th over - 1 run, 3 hits, 0 errors, 2 left on base; Midland 8 - Akron 1 |
TOP OF THE 8TH |
Midland RockHounds batting - Pitching for Akron RubberDucks : RHP Nelson Peregrina
|
Now in CF: Corey Trevor
|
|
Batting: RHB Zack DiCicco
|
0-0: Called Strike 0-1: Ball 1-1: Ball 2-1: Ball 3-1: Fly out, F6 (Popup, P, EV 80.0 MPH)
|
Batting: RHB Justin Menotti
|
0-0: Called Strike 0-1: Foul Ball, location: 2F 0-2: Ball 1-2: Ground out 6-3 (Groundball, 6S, EV 92.5 MPH)
|
Batting: RHB Josh Sinden
|
0-0: Ball 1-0: Swinging Strike 1-1: Ball 2-1: SOLO HOME RUN (Flyball, 78XD, EV 115.6 MPH), Distance : 443 ft
|
Batting: LHB Angel Sanchez
|
0-0: Called Strike 0-1: Called Strike 0-2: Ball 1-2: Ball 2-2: Strikes out looking
|
Top of the 8th over - 1 run, 1 hit, 0 errors, 0 left on base; Midland 9 - Akron 1 |
BOTTOM OF THE 8TH |
Akron RubberDucks batting - Pitching for Midland RockHounds : LHP Sean Zech
|
Batting: SHB Arturo Baez
|
0-0: SINGLE (Groundball, 34D, EV 103.1 MPH)
|
Batting: RHB Harris Leroux
|
0-0: Called Strike 0-1: Ball 1-1: Fly out, F4 (Flyball, 34D, EV 83.8 MPH)
|
Pinch Hitting: RHB Hieronim Rutkowski
|
0-0: Ball 1-0: Ball 2-0: Ball 3-0: Base on Balls Arturo Baez to second
|
Pitching: LHP Jin-ho Koo
|
|
Batting: RHB Mike Plugge
|
0-0: Ball 1-0: Foul Ball, location: 2F 1-1: Called Strike 1-2: SINGLE (Line Drive, 34D, EV 107.5 MPH) Arturo Baez to third Hieronim Rutkowski to second
|
Batting: RHB Matt Thompson
|
0-0: Ball 1-0: Ball 2-0: Ball 3-0: Base on Balls Arturo Baez scores Hieronim Rutkowski to third Mike Plugge to second
|
Batting: RHB Greg Harden
|
0-0: Grounds into double play, 4-6-3 (Groundball, 4, EV 87.5 MPH)
|
Bottom of the 8th over - 1 run, 2 hits, 0 errors, 2 left on base; Midland 9 - Akron 2 |
TOP OF THE 9TH |
Midland RockHounds batting - Pitching for Akron RubberDucks : RHP Nelson Peregrina
|
Pitching: RHP Jay Cowgill
|
|
Now at SS: Hieronim Rutkowski
|
|
Batting: LHB John Shults
|
0-0: Ball 1-0: Ball 2-0: Called Strike 2-1: Ball 3-1: SOLO HOME RUN (Flyball, 9D, EV 96.9 MPH), Distance : 360 ft
|
Batting: LHB Chance Stever
|
0-0: SINGLE (Groundball, 4MD, EV 97.5 MPH)
|
Batting: RHB Kevin Wiles
|
0-0: Foul Ball, location: 2F 0-1: Fly out, F6 (Flyball, 6D, EV 90.0 MPH)
|
Batting: SHB John Cummings
|
0-0: Ball 1-0: Ball 2-0: Grounds into double play, 4-6-3 (Groundball, 4, EV 80.6 MPH)
|
Top of the 9th over - 1 run, 2 hits, 0 errors, 0 left on base; Midland 10 - Akron 2 |
BOTTOM OF THE 9TH |
Akron RubberDucks batting - Pitching for Midland RockHounds : LHP Jin-ho Koo
|
Batting: RHB Edwin Rivera
|
0-0: Ball 1-0: Ball 2-0: Called Strike 2-1: Ground out 5-3 (Groundball, 56, EV 110.0 MPH)
|
Batting: RHB Tony Ramirez
|
0-0: Called Strike 0-1: Called Strike 0-2: Ball 1-2: Strikes out swinging
|
Batting: LHB Corey Trevor
|
0-0: Ball 1-0: Called Strike 1-1: Ball 2-1: Swinging Strike 2-2: Strikes out swinging, 2-3 out at first.
|
Bottom of the 9th over - 0 runs, 0 hits, 0 errors, 0 left on base; Midland 10 - Akron 2 |
|